 Dungeon Crawl Stone Soup version 0.30-a0-651-g0755cc6dcf (webtiles) character file.

Game seed: 10958115864086676347

66 CoinPitGoblin the Shooter (level 3, -5/29 HPs)
             Began as a Demigod Hunter on Jan 16, 2023.
             Slain by Sigmund
             ... wielding a +0 scythe
              (9 damage)
             ... on level 2 of the Dungeon.
             The game lasted 00:04:21 (1124 turns).

CoinPitGoblin the Shooter (Demigod Hunter)          Turns: 1124, Time: 00:04:22

Health: -5/29      AC:  5    Str: 12    XL:     3   Next: 69%
Magic:  5/5        EV: 12    Int: 11    God:
Gold:   64         SH:  0    Dex: 21    Spells: 2/2 levels left

rFire   . . .      SeeInvis .    b - +3 short sword (venom)
rCold   . . .      Faith    .    (no shield)
rNeg    . . .      Spirit   .    c - +0 leather armour
rPois   .          Reflect  .    (no helmet)
rElec   .          Harm     .    j - +1 cloak
rCorr   .          Rampage  .    (no gloves)
Will    .....                    (no boots)
Stlth   ++                       (no amulet)
HPRegen 0.24/turn                (no ring)
MPRegen 0.09/turn                (no ring)

@: studying Ranged Weapons
A: high MP 1, forlorn, divine attributes
a: no special abilities


You were on level 2 of the Dungeon.
You visited 1 branch of the dungeon, and saw 2 of its levels.

You collected 64 gold pieces.

Inventory:

Hand Weapons
 a - a +0 shortbow
 b - a +3 short sword of venom (weapon)
Armour
 c - a +0 leather armour (worn)
 j - a +1 cloak (worn)
Scrolls
 e - a scroll of immolation
 g - a scroll of vulnerability
Potions
 d - a potion of haste {unknown}
 f - a potion of attraction {unknown}
 h - a potion of heal wounds {unknown}
 i - a potion of cancellation {unknown}


   Skills:
 * Level 2.1 Fighting
 * Level 5.4 Ranged Weapons
 + Level 0.2 Armour
 * Level 2.0 Dodging
 + Level 0.8 Stealth


You had 2 spell levels left.
You didn't know any spells.
Your spell library contained the following spells:

 Spells                   Type           Power      Damage    Failure   Level
 Passwall                 Tmut/Erth      0%         N/A       56%         2
 Call Canine Familiar     Summ           0%         N/A       80%         3
 Kindle Blastsparks       Fire/Tloc/Air  0%         2d10      80%         3
 Animate Armour           Summ/Erth      0%         N/A       99%         4
 Fulminant Prism          Conj/Hex       0%         3d5       99%         4
 Ice Form                 Ice/Tmut       0%         N/A       99%         4
 Iskenderun's Mystic Bla  Conj/Tloc      0%         2d3       99%         4
 Lee's Rapid Deconstruct  Erth           0%         3d4*      100%        5


Dungeon Overview and Level Annotations

Branches:
Dungeon (2/15)

Annotations:
D:2 Sigmund


Innate Abilities, Weirdness & Mutations

You have an increased reservoir of magic. (+10% MP)
You shall have no god before yourself.
Your divine heritage dramatically boosts your attributes as you level up.


Message History

Deactivating autopickup; reactivate with Ctrl-A.
You shoot an arrow.
The arrow hits the bat but does no damage.
The bat misses you. The bat closely misses you. The bat barely misses you.
You shoot an arrow. The arrow hits the bat.
You kill the bat!
The ball python bites you but does no damage.
The ball python barely misses you.
You shoot an arrow. The arrow hits the ball python!
You kill the ball python!
Something hits you.
You are too injured to fight recklessly!
You are too injured to fight recklessly!
You are too injured to fight recklessly!
You are too injured to fight recklessly!
You are too injured to fight recklessly!
You hear a zap.
Something tries to affect you, but you resist.
You see here a bat corpse.
Fire: a) +0 shortbow
Press: ? - help, Q - select action Shift-Dir - straight line You shoot an arrow.
Something barely misses you.
Fire: a) +0 shortbow
Press: ? - help, Q - select action Shift-Dir - straight line You shoot an arrow.
Something hits you!
* * * LOW HITPOINT WARNING * * *
Okay, then.
Okay, then.
Okay, then.
Your +3 short sword of venom begins to drip with poison!
b - a +3 short sword of venom (weapon)
You miss something.
You hear a zap.
Something tries to affect you, but you resist.
You miss something. Something hits you.
* * * LOW HITPOINT WARNING * * *
You miss something. Something hits you!
You die...

###########
.......@..#
......###.##
..... #∩.∩#
.... ##.##
... #∩_∩#
#.# .. ##.##
..# . #∩.∩#
#.# ###.##
#....# #####


There were no monsters in sight!

Vanquished Creatures
  4 gnolls
  An adder (D:2)
  An endoplasm (D:2)
  A giant cockroach (D:2)
  2 goblins (D:1)
  4 jackals (D:2)
  A kobold (D:2)
  A ball python (D:2)
  2 bats
  2 frilled lizards (D:2)
  A rat (D:1)
20 creatures vanquished.

Notes
Turn   | Place    | Note
-------+----------+-------------------------------------------
     0 | D:1      | CoinPitGoblin the Demigod Hunter began the quest for the
                  | Orb.
     0 | D:1      | Reached XP level 1. HP: 17/17 MP: 3/3
     1 | D:1      | Noticed an electric eel
   101 | D:1      | Got Homn's Thoughts on the Collective Shift
   259 | D:1      | Reached skill level 4 in Ranged Weapons
   259 | D:1      | Reached XP level 2. HP: 6/24 MP: 4/4
   447 | D:1      | Identified a scroll of acquirement
   447 | D:1      | Acquired a manual of Ranged Weapons
   957 | D:2      | Reached XP level 3. HP: 29/29 MP: 5/5
   973 | D:2      | Reached skill level 5 in Ranged Weapons
  1108 | D:2      | Noticed Sigmund
  1124 | D:2      | Slain by Sigmund

Illustrated notes

Levels and vault maps discovered:
D:1:      arrival_aquarium_a, layout_loops_ring
D:2:      layout_basic, ebering_ecumenical_altar_hall, uniq_sigmund

Skill      XL: |  1  2  3 |
---------------+----------+-----
Fighting       | 2 |  2.1
Ranged Weapons | 4 5 |  5.4
Dodging        | 2 |  2.0
Armour         | |  0.2
Stealth        | |  0.8

Action                   || total
-------------------------++-------
Melee: Short sword       ||     3
 Fire: Shortbow          ||    71
  Use: Scroll            ||     5
       Potion            ||     1
Armor: Skin              ||     3
       Leather armour    ||    18
Dodge: Dodged            ||    48

Table legend: (Time is in decaauts)
 A = Elapsed time spent in this place.
 B = Non-inter-level travel time spent in this place.
 C = Inter-level travel time spent in this place.
 D = Time resting spent in this place.
 E = Time spent auto-exploring this place.
 F = Levels seen in this place.
 G = Mean time per level.
                   A        B        C        D        E       F      G
               +--------+--------+--------+--------+--------+-----+--------+
         Total |   1146 |   1062 |     84 |     90 |    788 |   2 |  573.0 |
       Dungeon |   1146 |   1062 |     84 |     90 |    788 |   2 |  573.0 |
               +--------+--------+--------+--------+--------+-----+--------+

Top non-repeatable levels by time:
     D:1: 768 daAuts
     D:2: 377 daAuts
